[Event "US Masters"]
[Site "Charlotte USA"]
[Date "2023.11.23"]
[Round "2.15"]
[White "Thavandiran, Shiyam"]
[Black "Margvelashvili, Giorgi"]
[Result "0-1"]
[ECO "A40"]
[WhiteElo "2348"]
[BlackElo "2540"]
[PlyCount "90"]
[EventDate "2023.11.24"]
[EventType "swiss"]
[EventRounds "9"]
[EventCountry "USA"]
[Source "ChessMix"]
[SourceDate "2023.12.01"]
[TimeControl "5400+30"]

1. e4 c5 2. Nf3 Nc6 3. d4 cxd4 4. Nxd4 Qb6 5. Nb3 g6 6. c4 Bg7 7. Be3 Qd8 8. Qd2 Nf6 9. f3 O-O 10. Nc3 d6 11. Be2 a5 12. Na4 Nd7 13. O-O b6 14. Rfd1 Nc5 15. Nc3 Nxb3 16. axb3 Be6 17. Nd5 Bxd5 18. cxd5 Nb4 19. Rac1 Rb8 20. Bb5 f5 21. h4 fxe4 22. fxe4 Be5 23. Rf1 Rf6 24. Bd4 Rxf1+ 25. Rxf1 Bxd4+ 26. Qxd4 Qc7 27. Bc6 e5 28. Qf2 Qe7 29. h5 gxh5 30. Qg3+ Kh8 31. Qf2 Nd3 32. Qe3 Nc5 33. Rf5 h4 34. Qf3 Rg8 35. Rf6 h3 36. Rf7 Qh4 37. Rf8 hxg2 38. Rxg8+ Kxg8 39. Qxg2+ Kf7 40. Qf3+ Kg7 41. Be8 Qg5+ 42. Kh1 Qc1+ 43. Kg2 Qxb2+ 44. Kh1 Qc1+ 45. Kg2 Qf4 0-1

[Event "US Masters"]
[Site "Charlotte USA"]
[Date "2023.11.26"]
[Round "8.22"]
[White "Thavandiran, Shiyam"]
[Black "Cruz, Cristhian"]
[Result "0-1"]
[ECO "B81"]
[WhiteElo "2348"]
[BlackElo "2498"]
[PlyCount "72"]
[EventDate "2023.11.24"]
[EventType "swiss"]
[EventRounds "9"]
[EventCountry "USA"]
[Source "ChessMix"]
[SourceDate "2023.12.01"]
[TimeControl "5400+30"]

1. e4 c5 2. Nf3 e6 3. d4 cxd4 4. Nxd4 Nf6 5. Nc3 d6 6. g4 h6 7. h4 Nc6 8. Rg1 h5 9. gxh5 Nxh5 10. Bg5 Qb6 11. Nb3 a6 12. Qd2 Bd7 13. O-O-O Rc8 14. Kb1 Ne5 15. Nd4 Nf6 16. f4 Nc6 17. Nf3 Nh7 18. f5 Nxg5 19. Rxg5 Be7 20. Rxg7 Bf6 21. Rg3 Ne5 22. fxe6 fxe6 23. Nd4 Nc4 24. Bxc4 Rxc4 25. Nb3 a5 26. Rdg1 Kd8 27. Nxa5 Rxc3 28. Rg8+ Kc7 29. e5 Bxe5 30. Nb3 Rf3 31. Qd1 Rxg8 32. Rxg8 Qf2 33. Nc1 Qd4 34. Qxd4 Bxd4 35. c3 Be3 36. Nd3 e5 0-1